 Dungeon Crawl Stone Soup version 0.23.0 (webtiles) character file.

Game seed: 8718585994418594154

1763 Borgoz the Skirmisher (level 9, -3/56 HPs)
             Began as a Gargoyle Gladiator on Feb 9, 2019.
             Was an Initiate of Ashenzari.
             Engulfed by a steam dragon's steam (7 damage)
             ... on level 7 of the Dungeon.
             The game lasted 00:07:54 (5639 turns).

Borgoz the Skirmisher (Gargoyle Gladiator)          Turns: 5639, Time: 00:07:54

Health: -3/56      AC: 11    Str: 19    XL:     9   Next: 7%
Magic:  9/9        EV: 14    Int:  8    God:    Ashenzari [......]
Gold:   379        SH:  0    Dex: 14    Spells: 8/8 levels left

rFire    . . .     SeeInvis .   w - +0 whip (drain)
rCold    . . .     Gourm    .   (no shield)
rNeg     + . .     Faith    .   b - +0 leather armour
rPois    ∞         Spirit   .   c - +0 helmet
rElec    +         Reflect  .   (no cloak)
rCorr    .         Harm     .   (no gloves)
MR       .....                  (no boots)
Stlth    ..........             (no amulet)
HPRegen  0.18/turn              h - ring of flight
MPRegen  0.11/turn              A - ring of attention (curse)

@: no status effects
A: negative energy resistance 1, electricity resistance, unbreathing,
petrification resistance, rot immunity, AC +6
a: Curse Item, Renounce Religion, Evoke Flight


You were on level 7 of the Dungeon.
You worshipped Ashenzari.
Ashenzari was noncommittal.
You were not hungry.

You visited 2 branches of the dungeon, and saw 8 of its levels.

You collected 379 gold pieces.

Inventory:

Hand Weapons
 w - a +0 whip of draining (weapon)
Missiles
 d - 3 throwing nets (quivered)
 v - 4 tomahawks
Armour
 b - a +0 leather armour (worn)
 c - a +0 helmet (worn)
 E - a +0 scale mail
 H - a +0 hat
Jewellery
 h - a ring of flight (left hand)
 A - a cursed ring of attention (right hand)
Wands
 C - a wand of paralysis (7)
 G - a wand of enslavement (8)
Scrolls
 e - 2 scrolls of enchant weapon {unknown}
 i - a scroll of random uselessness {unknown}
 j - 7 scrolls of identify {unknown}
 n - 3 scrolls of amnesia {unknown}
 p - 2 scrolls of fear {unknown}
 q - 2 scrolls of teleportation {unknown}
 y - a scroll of magic mapping {unknown}
 z - a scroll of remove curse
 F - a scroll of immolation {unknown}
Potions
 a - a potion of ambrosia {unknown}
 g - 2 potions of might {unknown}
 k - a potion of brilliance {unknown}
 l - 3 potions of curing {unknown}
 m - 3 potions of degeneration {unknown}
 o - 2 potions of lignification {unknown}
 r - a potion of magic {unknown}
 s - 2 potions of berserk rage {unknown}
 t - a potion of mutation {unknown}
 u - a potion of haste {unknown}
 x - 2 potions of flight {unknown}
 B - a potion of agility {unknown}
Comestibles
 f - 14 rations
 D - 2 chunks of flesh


   Skills:
 + Level 6.5 Fighting
 + Level 6.4 Maces & Flails
 - Level 1.8 Throwing
 + Level 6.0 Armour
 + Level 5.3 Dodging


You had 8 spell levels left.
You didn't know any spells.
Your spell library contained the following spells:

 Spells                   Type           Power        Failure   Level  Hunger
 Animate Skeleton         Necr           N/A          45%         1    ##.....
 Pain                     Necr           #...         45%         1    ##.....
 Regeneration             Chrm/Necr      #.........   83%         3    ####...
 Vampiric Draining        Necr           #.........   83%         3    ####...
 Animate Dead             Necr           N/A          99%         4    #####..


Dungeon Overview and Level Annotations

Branches:
Dungeon (7/15)             Temple (1/1) D:6

Altars:
Ashenzari
Cheibriados
Dithmenos
Elyvilon
Fedhas
Gozag
Hepliaklqana
Kikubaaqudgha
Makhleb
Nemelex Xobeh
Okawaru
Qazlal
Ru
Sif Muna
Trog
Vehumet
Wu Jian
Xom
Zin
The Shining One

Shops:
D:4 *   D:5 (

Annotations:
D:7 Dowan, Duvessa


Innate Abilities, Weirdness & Mutations

You are resistant to torment.
Your stone body is resilient. (AC +6)
You are immune to poison.
You resist negative energy. (rN+)
You are resistant to electric shocks. (rElec)
You can survive without breathing.
You are immune to petrification.
You are immune to rotting.


Message History

You drain the steam dragon.
The steam dragon is heavily wounded.
You are engulfed in a cloud of scalding steam.
The adder skeleton bites you but does no damage.
The steam dragon breathes steam at you. The ball of steam misses you.
You hit the steam dragon.
The steam dragon is severely wounded.
You are engulfed in a cloud of scalding steam.
The steam dragon closely misses you. The steam dragon completely misses you.
The adder skeleton is engulfed in a cloud of scalding steam.
The adder skeleton bites you but does no damage.
You are engulfed in a cloud of scalding steam.
* * * LOW HITPOINT WARNING * * *
The adder skeleton bites you but does no damage.
The steam dragon breathes steam at you. The ball of steam hits you!
* * * LOW HITPOINT WARNING * * *
You are engulfed in a cloud of scalding steam.
You die...

#.....# #.###.# #.# #.#
#########.# #.########
##.........###.#..†...#####
...............'..†.....>...
.......#######.#............
.......# #[...§...........#
.......# #.....§@.....#...#
.......# #.......§§...#...#
......## #.........D......#
##.##.# ######.####.####.#
..÷÷..# ...##..Ze.# .)#.###
..#.#.......# .##.#
....<.#.......# ....# ...
#....e_...... .#### ..
+.#.......#..#


You could see a steam dragon and Dowan.

Vanquished Creatures
  A hippogriff (D:7)
  An ice beast (D:7)
  A sky beast (D:5)
  A phantom (D:6)
  A necrophage (D:6)
  An orc warrior (D:6)
  A centaur (D:6)
  An ogre (D:5)
  2 bullfrogs
  A scorpion (D:5)
  A crimson imp (D:6)
  A bullfrog skeleton (D:6)
  4 hounds
  5 orc wizards
  2 orc priests (D:6)
  A jelly (D:5)
  2 iguanas
  3 worker ants (D:5)
  A hound zombie (D:5)
  4 gnolls (D:3)
  9 adders
  A shadow imp (D:5)
  An ooze (D:3)
  2 adder zombies
  2 worms
  2 dart slugs
  7 leopard geckos
  24 orcs
  6 giant cockroaches
  5 goblins
  2 hobgoblins
  10 jackals
  5 kobolds
  A quokka (D:3)
  2 bats
  5 frilled lizards
  A quokka skeleton (D:7)
  4 rats
124 creatures vanquished.

Vanquished Creatures (others)
  An adder skeleton (D:7)
1 creature vanquished.

Grand Total: 125 creatures vanquished

Notes
Turn   | Place    | Note
-------+----------+-------------------------------------------
     0 | D:1      | Borgoz the Gargoyle Gladiator began the quest for the Orb.
     0 | D:1      | Reached XP level 1. HP: 12/12 MP: 1/1
   102 | D:1      | Reached XP level 2. HP: 17/17 MP: 2/2
   931 | D:2      | Found a faded altar of an unknown god.
   935 | D:2      | Reached skill level 1 in Armour
   935 | D:2      | Reached XP level 3. HP: 22/22 MP: 3/3
  1157 | D:2      | Found a sacrificial altar of Ru.
  1270 | D:2      | Found a glowing silver altar of Zin.
  1818 | D:3      | Reached XP level 4. HP: 22/28 MP: 4/4
  1999 | D:3      | Reached XP level 5. HP: 27/32 MP: 5/5
  2046 | D:3      | Found a blossoming altar of Fedhas.
  2124 | D:3      | Found a stormy altar of Qazlal.
  2824 | D:4      | Found Xosoesso's Lightly-Used Armoury.
  2840 | D:4      | Reached XP level 6. HP: 25/38 MP: 6/6
  3110 | D:5      | Entered Level 5 of the Dungeon
  3119 | D:5      | Noticed a sky beast
  3138 | D:5      | Killed a sky beast
  3155 | D:5      | Reached XP level 7. HP: 42/43 MP: 7/7
  3262 | D:5      | Found Zezyo's Antique Weapon Emporium.
  3898 | D:5      | Reached skill level 5 in Maces & Flails
  3931 | D:5      | Found a hazy altar of Hepliaklqana.
  4141 | D:6      | Reached skill level 5 in Fighting
  4457 | D:6      | Reached XP level 8. HP: 44/49 MP: 8/8
  4460 | D:6      | Found an iron altar of Okawaru.
  4652 | D:6      | Found an opulent altar of Gozag.
  4670 | D:6      | Found a staircase to the Ecumenical Temple.
  4707 | Temple   | Entered the Ecumenical Temple
  4841 | Temple   | Became a worshipper of Ashenzari the Shackled
  4940 | D:6      | Reached skill level 5 in Armour
  5465 | D:7      | Reached skill level 5 in Dodging
  5527 | D:7      | Noticed a hippogriff
  5550 | D:7      | Killed a hippogriff
  5550 | D:7      | Reached XP level 9. HP: 33/56 MP: 9/9
  5620 | D:7      | Found a shimmering altar of Xom.
  5628 | D:7      | Noticed Duvessa
  5630 | D:7      | Noticed Dowan
  5639 | D:7      | Engulfed by a steam dragon's steam

Skill      XL: |  1  2  3  4  5  6  7  8 |
---------------+-------------------------+-----
Armour         | 1 2 3 4 6 |  6.0
Fighting       | 3 4 5 6 |  6.5
Dodging        | 3 4 5 |  5.3
Maces & Flails | 4 5 6 |  6.4
Throwing       | |  1.8

Action                   |  1- 3 |  4- 6 |  7- 9 || total
-------------------------+-------+-------+-------++-------
Melee: Flail             |    92 |    37 |       ||   129
       Whip              |       |    99 |   393 ||   492
  Eat: Chunk             |     3 |     4 |     9 ||    16
Armor: Leather armour    |    34 |    37 |   146 ||   217
Dodge: Dodged            |    71 |    79 |   339 ||   489
